 Dungeon Crawl Stone Soup version 0.28-a0-1167-g616b1c6417 (webtiles) character file.

Game seed: 14786293737598342483

14103 Fortus the Impassioned (level 11, -13/89 HPs)
             Began as a Demonspawn Gladiator on Dec 16, 2021.
             Was a Follower of Uskayaw.
             Mangled by a boulder beetle (18 damage)
             ... on level 11 of the Dungeon.
             The game lasted 00:31:12 (16493 turns).

Fortus the Impassioned (Demonspawn Gladiator)      Turns: 16493, Time: 00:31:13

Health: -13/89     AC:  9    Str: 15    XL:     11   Next: 84%
Magic:  30/33      EV: 13    Int: 13    God:    Uskayaw [*.....]
Gold:   246        SH:  0    Dex: 22    Spells: 10/10 levels left

rFire   . . .      SeeInvis .   S - +2 scythe "Megesmae" {flame, rPois Will+ Dex+2}
rCold   . . .      Faith    .   (shield currently unavailable)
rNeg    . . .      Spirit   .   t - +3 leather armour {rPois}
rPois   +          Reflect  .   c - +0 helmet
rElec   .          Harm     .   Q - scarf {shadows}
rCorr   +          Rampage  .   (no gloves)
Will    +....                   (boots unavailable)
Stlth   ++........              A - amulet of the acrobat
HPRegen 0.24/turn               x - ring of magical power
MPRegen 0.23/turn               K - ring "Tycyhy" {rCorr Dex+5}

@: no status effects
A: hooves 3, icy blue scales 1, demonic guardian 1, foul stench 1
a: Renounce Religion, Stomp


You were on level 11 of the Dungeon.
You worshipped Uskayaw.
Uskayaw was most pleased with you.
You visited 1 branch of the dungeon, and saw 11 of its levels.

You collected 660 gold pieces.
You spent 414 gold pieces at shops.

Inventory:

Hand Weapons
 a - a +0 long sword
 y - a +0 war axe
 S - the +2 scythe "Megesmae" (weapon) {flame, rPois Will+ Dex+2}
   (You bought it in a shop on level 11 of the Dungeon)

   It burns those it strikes, dealing additional fire damage.
   Big, fiery blades are also staple armaments of hydra-hunters.
   Dex:       It affects your dexterity (+2).
   rPois:     It protects you from poison.
   Will:      It increases your willpower.
Missiles
 d - 2 throwing nets (quivered)
Armour
 b - a +0 leather armour
 c - a +0 helmet (worn)
 p - a +0 plate armour
 t - a +3 leather armour of poison resistance (worn)
 M - +0 steam dragon scales
 Q - a scarf of shadows (worn)
Jewellery
 k - a ring of positive energy
 q - a ring of positive energy
 r - a +4 ring of evasion
 w - a ring of protection from fire
 x - a ring of magical power (left hand)
 A - an amulet of the acrobat (around neck)
 I - an amulet of magic regeneration
 K - the ring "Tycyhy" (right hand) {rCorr Dex+5}
   (You found it on level 7 of the Dungeon)

   [ring of resist corrosion]

   Dex:       It affects your dexterity (+5).
   rCorr:     It protects you from acid and corrosion.
 R - a ring of fire
Wands
 s - a wand of iceblast (20)
 C - a wand of acid (6)
 G - a wand of charming (7)
 J - a wand of polymorph (12)
Scrolls
 f - 3 scrolls of immolation {unknown}
 h - 4 scrolls of magic mapping {unknown}
 i - 3 scrolls of teleportation {unknown}
 l - 3 scrolls of enchant armour {unknown}
 m - a scroll of blinking {unknown}
 o - 2 scrolls of fear {unknown}
 u - 6 scrolls of identify {unknown}
 v - a scroll of silence {unknown}
 D - 4 scrolls of fog {unknown}
 F - 4 scrolls of vulnerability {unknown}
 H - 4 scrolls of noise {unknown}
 N - 2 scrolls of amnesia {unknown}
Potions
 e - 5 potions of flight
 g - 7 potions of curing
 j - 2 potions of invisibility {unknown}
 n - 4 potions of brilliance {unknown}
 z - 4 potions of heal wounds {unknown}
 B - 4 potions of haste
 E - 3 potions of attraction {unknown}
 L - a potion of degeneration {unknown}
 O - a potion of might {unknown}
 P - 3 potions of lignification {unknown}


   Skills:
 + Level 9.2 Fighting
 - Level 3.2 Long Blades
 - Level 7.7 Axes
 * Level 0.3(4.7) Polearms
 - Level 1.7 Throwing
 - Level 2.6 Dodging
 + Level 18.6 Invocations


You had 10 spell levels left.
You didn't know any spells.
Your spell library contained the following spells:

 Spells                   Type           Power      Damage    Failure   Level
 Slow                     Hex            0%         N/A       36%         1
 Sting                    Tmut/Pois      0%         1d3       36%         1
 Summon Small Mammal      Summ           0%         N/A       36%         1
 Scorch                   Fire           0%         2d5       50%         2
 Call Canine Familiar     Summ           0%         N/A       75%         3
 Confusing Touch          Hex            0%         N/A       75%         3
 Gell's Gravitas          Tloc           0%         N/A       75%         3
 Lesser Beckoning         Tloc           0%         N/A       75%         3
 Summon Guardian Golem    Hex/Summ       0%         N/A       75%         3
 Teleport Other           Tloc           0%         N/A       75%         3
 Tukima's Dance           Hex            0%         N/A       75%         3
 Flame Wave               Conj/Fire      0%         2d4       98%         4
 Leda's Liquefaction      Hex/Erth       0%         N/A       98%         4
 Passage of Golubria      Tloc           0%         N/A       98%         4
 Lee's Rapid Deconstruct  Erth           0%         3d5*      100%        5
 Silence                  Hex/Air        0%         N/A       100%        5
 Yara's Violent Unravell  Hex/Tmut       0%         3d3       100%        5
 Statue Form              Tmut/Erth      0%         N/A       100%        6
 Summon Cactus Giant      Summ           0%         N/A       100%        6
 Malign Gateway           Summ/Tloc      0%         N/A       100%        7
 Lehudib's Crystal Spear  Conj/Erth      0%         10d2      100%        8
 Summon Horrible Things   Summ           0%         N/A       100%        8


Dungeon Overview and Level Annotations

Branches:
Dungeon (11/15)            Temple (0/1) D:7            Lair (0/6) D:9
    Orc: D:9-12

Altars:
Gozag
Kikubaaqudgha
Makhleb
Okawaru
Qazlal
Uskayaw
Xom

Shops:
D:3 :   D:5 *   D:10 [   D:11 (

Annotations:
D:3 3 runed translucent doors, Ijustatesigmund's ghost, amateur HOFi


Innate Abilities, Weirdness & Mutations

You have hooves in place of feet.
You are partially covered in icy blue scales. (AC +2)
A weak demonic guardian rushes to your aid.
You may rarely emit foul miasma when damaged in melee.


Message History

The boulder beetle is moderately wounded.
The boulder beetle curls into a ball and begins rolling!
Your iron imp hits the boulder beetle!
The boulder beetle hits your iron imp!!!
Your iron imp dies!
Your iron imp disappears in a puff of smoke!
The boulder beetle stops rolling and uncurls.
You can now pass through a line of other dancers.
Aiming: Line Pass
Press: ? - help, Dir - move target, p - boulder beetle
Okay, then.
Reach: S) +2 scythe "Megesmae" {flame, rPois Will+ Dex+2}
Press: ? - help, Dir - move target, f/p - boulder beetle
Aim: a boulder beetle (moderately wounded, about 9% to evade the +2 scythe "Megesmae")
You reach to attack!
You hit the boulder beetle. You burn the boulder beetle.
The boulder beetle is moderately wounded.
The boulder beetle barely misses you.
Aiming: Line Pass
Press: ? - help, Dir - move target, p - boulder beetle The boulder beetle appears confused.
You can no longer pass through a line of other dancers.
You completely miss the boulder beetle.
You kick the boulder beetle, but do no damage.
The boulder beetle is moderately wounded.
The boulder beetle misses you.
You catch the helpless boulder beetle completely off-guard!
You slash the boulder beetle! You burn the boulder beetle.
The boulder beetle is heavily wounded.
You hit the boulder beetle but do no damage.
You kick the boulder beetle, but do no damage.
The boulder beetle is heavily wounded.
The boulder beetle seems less confused.
The boulder beetle bites you but does no damage.
The boulder beetle closely misses you.
You hit the boulder beetle but do no damage.
You kick the boulder beetle, but do no damage.
The boulder beetle is heavily wounded.
The boulder beetle bites you!!
You die...

..##+ #. ......
#.######......
#.............
#............. ..
#...:.........
..#####.............
..........†@........
#..........B.......
#
#.............>....
#
#.....########.....
# #.....# ###.. #
#.....# . # #.....#
# #.....# # #>....#


You could see a boulder beetle.

Vanquished Creatures
  A boulder beetle (D:7)
  A centaur warrior (D:7)
  A two-headed ogre (D:7)
  Pikel (D:5)
  Joseph (D:7)
  2 unseen horrors
  A kobold demonologist (D:10)
  4 trolls
  Sigmund (D:5)
  10 yaks
  A wraith (D:11)
  2 wyverns
  A basilisk (D:9)
  A steam dragon (D:8)
  A vampire mosquito (D:7)
  Menkaure (D:5)
  Edmund (D:5)
  2 acid dragons
  A hornet zombie (D:7)
  4 water moccasins (D:7)
  8 orc warriors
  An ice beast (D:7)
  A sky beast (D:5)
  A black bear (D:5)
  2 necrophages
  4 ogres
  13 centaurs
  A lemure (D:5)
  A phantom (D:6)
  A kobold brigand (D:8)
  2 scorpions
  A water moccasin zombie (D:5)
  29 killer bees
  A wight (D:7)
  4 howler monkeys
  5 centaur zombies
  3 orc priests
  4 hounds
  A jelly (D:6)
  Crazy Yiuf (D:7)
  A gnoll shaman (D:10)
  2 bullfrog skeletons
  Ijyb (D:3)
  2 iguanas
  8 orc wizards
  A centaur simulacrum (D:7)
  A hound zombie (D:5)
  2 howler monkey zombies (D:7)
  7 gnolls
  3 howler monkey skeletons
  12 adders
  2 shadow imps (D:6)
  2 white imps
  2 ufetubi
  An adder skeleton (D:4)
  A worm (D:3)
  4 dart slugs
  37 orcs
  8 bats
  9 endoplasms
  2 giant cockroaches
  5 goblins
  5 hobgoblins
  12 jackals
  5 kobolds
  11 ball pythons
  4 rats
272 creatures vanquished.

Vanquished Creatures (collateral kills)
  A basilisk (D:9)
  A water moccasin (D:7)
  A necrophage (D:7)
  An ogre (D:6)
4 creatures vanquished.

Vanquished Creatures (others)
  A black bear (D:7)
  A kobold (D:8)
  3 plants (D:9)
5 creatures vanquished.

Grand Total: 281 creatures vanquished

Notes
Turn   | Place    | Note
-------+----------+-------------------------------------------
     0 | D:1      | Fortus the Demonspawn Gladiator began the quest for the
                  | Orb.
     0 | D:1      | Reached XP level 1. HP: 16/16 MP: 1/1
   270 | D:1      | Found a faded altar of an unknown god.
   277 | D:1      | Got Plato's Almanac of Shifting Venom
   296 | D:1      | Prayed at the altar of an unknown god.
   296 | D:1      | Became a worshipper of Uskayaw the Reveller
   296 | D:1      | Reached * piety under Uskayaw
   342 | D:1      | Gained mutation: You have large cloven feet. [demonic
                  | ancestry]
   342 | D:1      | Reached XP level 2. HP: 18/22 MP: 2/2
   533 | D:1      | Reached skill level 1 in Invocations
  1228 | D:2      | Reached skill level 2 in Invocations
  1228 | D:2      | Reached ** piety under Uskayaw
  1232 | D:2      | Reached *** piety under Uskayaw
  1236 | D:2      | Reached **** piety under Uskayaw
  1238 | D:2      | Reached XP level 3. HP: 14/27 MP: 4/4
  1471 | D:2      | Reached skill level 3 in Invocations
  1627 | D:2      | Reached skill level 4 in Invocations
  1993 | D:2      | Reached XP level 4. HP: 25/33 MP: 3/7
  2618 | D:3      | Reached skill level 5 in Invocations
  2727 | D:3      | Gained mutation: You have hoof-like feet. [demonic
                  | ancestry]
  2727 | D:3      | Reached XP level 5. HP: 34/38 MP: 7/9
  2808 | D:3      | Noticed an orc warrior
  2875 | D:3      | Reached skill level 6 in Invocations
  3378 | D:3      | Found a runed translucent gate.
  3383 | D:3      | Found a runed translucent gate.
  3383 | D:3      | Found a runed translucent gate.
  3385 | D:3      | Noticed Ijustatesigmund's ghost (amateur HOFi)
  3423 | D:3      | Found Acrurr's Book Emporium.
  3474 | D:3      | Noticed Ijyb
  3483 | D:3      | Killed Ijyb
  3484 | D:3      | Reached skill level 7 in Invocations
  3976 | D:4      | Gained mutation: You may rarely emit foul miasma when
                  | damaged in melee. [demonic ancestry]
  3976 | D:4      | Reached XP level 6. HP: 44/44 MP: 11/11
  4133 | D:4      | Reached skill level 8 in Invocations
  4140 | D:4      | Reached skill level 9 in Invocations
  4202 | D:4      | Gained mutation: You are partially covered in icy blue
                  | scales. (AC +2) [demonic ancestry]
  4202 | D:4      | Reached XP level 7. HP: 28/50 MP: 11/13
  4812 | D:5      | Entered Level 5 of the Dungeon
  4992 | D:5      | Reached skill level 10 in Invocations
  5156 | D:5      | Reached skill level 11 in Invocations
  5158 | D:5      | Reached XP level 8. HP: 52/58 MP: 3/16
  5277 | D:5      | Noticed Edmund
  5280 | D:5      | Noticed Menkaure
  5284 | D:5      | Killed Edmund
  5287 | D:5      | Killed Menkaure
  5288 | D:5      | Reached skill level 1 in Axes
  5573 | D:5      | Found a stormy altar of Qazlal.
  5602 | D:5      | Reached skill level 12 in Invocations
  5758 | D:5      | Found Cuegumna's Assorted Antiques.
  5758 | D:5      | Noticed Pikel
  5764 | D:5      | Killed Pikel
  5835 | D:5      | Bought a thin bone amulet for 150 gold pieces
  6068 | D:5      | Noticed Sigmund
  6075 | D:5      | Killed Sigmund
  6076 | D:5      | Reached skill level 13 in Invocations
  6076 | D:5      | Gained mutation: A weak demonic guardian rushes to your
                  | aid. [demonic ancestry]
  6076 | D:5      | Reached XP level 9. HP: 63/66 MP: 18/18
  6367 | D:5      | Reached skill level 5 in Fighting
  7388 | D:6      | Reached skill level 14 in Invocations
  7681 | D:6      | Found an opulent altar of Gozag.
  7681 | D:6      | Found an iron altar of Okawaru.
  8074 | D:7      | Found an ancient bone altar of Kikubaaqudgha.
  8590 | D:7      | Identified the +1 mace of Qagar {chaos, Stlth+}
  8591 | D:7      | Found a runed translucent door.
  8594 | D:7      | Noticed Crazy Yiuf
  8601 | D:7      | Killed Crazy Yiuf
  9237 | D:7      | Noticed a troll
  9237 | D:7      | Noticed a two-headed ogre
  9253 | D:7      | Gained mutation: You have hooves in place of feet. [demonic
                  | ancestry]
  9253 | D:7      | Reached XP level 10. HP: 62/77 MP: 21/21
  9258 | D:7      | Reached skill level 5 in Axes
  9258 | D:7      | Reached skill level 15 in Invocations
  9261 | D:7      | Killed a two-headed ogre
  9745 | D:7      | Noticed a boulder beetle
  9747 | D:7      | Noticed a centaur warrior
  9753 | D:7      | Killed a centaur warrior
  9754 | D:7      | Reached skill level 16 in Invocations
  9757 | D:7      | Killed a boulder beetle
 10079 | D:7      | Identified the ring "Tycyhy" {rCorr Dex+5}
 10510 | D:7      | Noticed Joseph
 10512 | D:7      | Found a staircase to the Ecumenical Temple.
 10530 | D:7      | Killed Joseph
 11018 | D:8      | Reached XP level 11. HP: 60/86 MP: 23/23
 11529 | D:8      | Reached skill level 17 in Invocations
 11648 | D:8      | Reached ***** piety under Uskayaw
 11930 | D:8      | Found a shimmering altar of Xom.
 12469 | D:9      | Found a staircase to the Lair.
 13403 | D:10     | Entered Level 10 of the Dungeon
 13458 | D:10     | Noticed a sun demon
 14363 | D:10     | Reached skill level 18 in Invocations
 14541 | D:10     | Found Oniamewn's Armour Emporium.
 14604 | D:10     | Found a burning altar of Makhleb.
 15371 | D:11     | Found a burning altar of Makhleb.
 16212 | D:11     | Found Varinkag's Antique Weapon Shoppe.
 16222 | D:11     | Bought a jewelled scythe for 264 gold pieces
 16222 | D:11     | Identified the +2 scythe "Megesmae" {flame, rPois Will+
                  | Dex+2} (You bought it in a shop on level 11 of the Dungeon)
 16476 | D:11     | Noticed a boulder beetle
 16481 | D:11     | HP: 1/89 [boulder beetle (20)]
 16493 | D:11     | Mangled by a boulder beetle

Illustrated notes

Levels and vault maps discovered:
D:1:      minmay_arrival_four_houses, layout_basic,
          shapermc_ecumenical_altar_rom_forum
D:2:      layout_basic, minivault_5
D:3:      layout_loops_ring, serial_shops, shop, ebering_ghost_rock_garden,
          ebering_dispersal_statue_hall, minmay_misc_feat_x,
          chequers_serial_rivers_micro_d, lightli_corner_chamber, uniq_ijyb
D:4:      layout_loops_ring
D:5:      minmay_inner_zag, layout_basic, grunt_qazlal_sundering, serial_shops,
          shop_statue, uniq_pikel, uniq_sigmund, uniq_menkaure, uniq_edmund
D:6:      layout_loops_ring, gammafunk_temple_overflow_elements
D:7:      nzn_winding_woodlands_large [nzn_winding_woodlands_5x5_cross,
          nzn_winding_woodlands_5x15_concentric,
          nzn_winding_woodlands_5x5_default,
          nzn_winding_woodlands_center_triple_pond,
          nzn_winding_woodlands_15x15_boxy_spiral,
          nzn_winding_woodlands_center_pierced_h,
          nzn_winding_woodlands_5x5_open_star, nzn_winding_woodlands_5x15_pool,
          nzn_winding_woodlands_5x5_closed_star], layout_basic,
          overflow_temple_1_default, temple_hall, uniq_crazy_yiuf_cottage,
          uniq_joseph
D:8:      layout_loops_ring, tgw_xom
D:9:      layout_roguey, david_lair_generic
D:10:     layout_long_grid, lemuel_tele_altar, serial_shops, shop,
          grunt_decor_one_mirror
D:11:     layout_irregular_city, serial_shops, shop, bloody_makhleb

Skill      XL: |  1  2  3  4  5  6  7  8  9 10 11 |
---------------+----------------------------------+-----
Long Blades    | 3 |  3.2
Invocations    | 2 4 5 7 9 11 13 14 16 18 | 18.6
Fighting       | 3 4 6 7 9 |  9.2
Axes           | 2 4 6 7 |  7.7
Polearms       | |  0.3
Throwing       | |  1.7
Dodging        | |  2.6

Action                   |  1- 3 |  4- 6 |  7- 9 | 10-12 || total
-------------------------+-------+-------+-------+-------++-------
Melee: Long sword        |    79 |   133 |    57 |       ||   269
       Kick              |    11 |    35 |    76 |    99 ||   221
       War axe           |       |       |   199 |   222 ||   421
       Unarmed           |       |       |       |    12 ||    12
       Scythe            |       |       |       |    12 ||    12
Throw: Throwing net      |       |       |       |     2 ||     2
Invok: Stomp             |     4 |    10 |    34 |    53 ||   101
       Line Pass         |       |       |     2 |     6 ||     8
  Use: Potion            |       |       |       |     2 ||     2
 Stab: Paralysed         |     1 |       |       |     3 ||     4
       Sleeping          |     1 |     1 |     2 |     1 ||     5
       Distracted        |       |     1 |       |     1 ||     2
       Confused          |       |       |       |     2 ||     2
Armor: Leather armour    |    22 |    47 |   114 |   149 ||   332
       Skin              |       |       |       |     1 ||     1
Dodge: Dodged            |    63 |   130 |   335 |   348 ||   876

Table legend: (Time is in decaauts)
 A = Elapsed time spent in this place.
 B = Non-inter-level travel time spent in this place.
 C = Inter-level travel time spent in this place.
 D = Time resting spent in this place.
 E = Time spent auto-exploring this place.
 F = Levels seen in this place.
 G = Mean time per level.
                   A        B        C        D        E       F      G
               +--------+--------+--------+--------+--------+-----+--------+
         Total |  16666 |  16434 |    232 |   2259 |  12210 |  11 | 1515.1 |
       Dungeon |  16666 |  16434 |    232 |   2259 |  12210 |  11 | 1515.1 |
               +--------+--------+--------+--------+--------+-----+--------+

Top non-repeatable levels by time:
     D:7: 2961 daAuts
    D:10: 1972 daAuts
     D:5: 1887 daAuts
     D:3: 1472 daAuts
     D:6: 1416 daAuts
     D:2: 1379 daAuts
     D:9: 1291 daAuts
    D:11: 1134 daAuts
     D:8: 1133 daAuts
     D:1: 1094 daAuts
     D:4: 923 daAuts
